 Dungeon Crawl Stone Soup version 0.31-a0-182-gc5ef74bbde (webtiles) character file.

Game seed: 6212964521084592825

5888 pollynater the Basher (level 10, -1/80 (86) HPs)
             Began as a Minotaur Fighter on June 21, 2023.
             Was a Priest of Qazlal.
             Killed from afar by Josephine (37 damage)
             ... with a ghostly fireball
             ... on level 10 of the Dungeon.
             The game lasted 00:29:27 (8330 turns).

pollynater the Basher (Minotaur Fighter)            Turns: 8330, Time: 00:29:29

HP:   -1/80 (86)    AC: 23    Str: 23    XL:     10   Next: 52%
MP:   9/9           EV: 13    Int:  7    God:    Qazlal [***...]
Gold: 573           SH: 15    Dex: 16    Spells: 9/9 levels left

rFire   . . .        a - +1 flail
rCold   . . .        o - +0 kite shield
rNeg    . . .        g - +0 plate armour
rPois   .            m - +2 hat
rElec   .            n - +2 cloak
rCorr   .            A - +2 pair of gloves
SInv    .            e - +0 pair of boots
Will    .....        t - amulet of the acrobat Stlth
                     k - +5 ring of evasion
HPRegen 0.33/turn    p - +6 ring of dexterity
MPRegen 0.11/turn

%: acrobat
@: slowed, drained, very slow
A: horns 2, retaliatory headbutt
a: Renounce Religion, Upheaval, Elemental Force


You were on level 10 of the Dungeon.
You worshipped Qazlal.
Qazlal was most pleased with you.
You visited 1 branch of the dungeon, and saw 10 of its levels.
You also visited: Ossuary.

You collected 690 gold pieces.
You spent 117 gold pieces at shops.

Inventory:

Hand Weapons
 a - a +1 flail (weapon)
 O - a +1 dire flail
Missiles
 q - 4 poisoned darts
 r - 7 curare-tipped darts (quivered)
 L - 3 javelins
Armour
 b - a +0 scale mail
 c - a +0 buckler
 e - a +0 pair of boots (worn)
 g - a +0 plate armour (worn)
 m - a +2 hat (worn)
 n - a +2 cloak (worn)
 o - a +0 kite shield (worn)
 A - a +2 pair of gloves (worn)
Jewellery
 j - a +6 ring of intelligence
 k - a +5 ring of evasion (left hand)
 p - a +6 ring of dexterity (right hand)
 t - an amulet of the acrobat (around neck)
 F - an amulet of faith
 J - an amulet of guardian spirit
Wands
 G - a wand of paralysis (11)
 H - a wand of iceblast (13)
 K - a wand of polymorph (8)
 S - a wand of light (5)
Scrolls
 f - a scroll of revelation
 i - 7 scrolls of teleportation
 s - 2 scrolls of amnesia
 y - a scroll of poison
 C - 2 scrolls of blinking
 I - 2 scrolls of identify
 Q - a scroll of fear
 R - a scroll of enchant armour
Potions
 d - 3 potions of might
 h - 5 potions of heal wounds
 l - 3 potions of enlightenment
 u - 4 potions of brilliance
 v - 2 potions of mutation
 w - a potion of degeneration {unknown}
 x - 4 potions of curing
 z - 5 potions of haste
 B - a potion of berserk rage {unknown}
 D - a potion of ambrosia {unknown}
 E - a potion of lignification {unknown}
 M - 2 potions of attraction {unknown}
 N - a potion of magic {unknown}


   Skills:
 * Level 7.4 Fighting
 * Level 11.5 Maces & Flails
 * Level 1.7 Throwing
 * Level 8.3 Armour
 * Level 5.4 Dodging
 - Level 4.0 Stealth
 * Level 8.8 Shields


You had 9 spell levels left.
You didn't know any spells.
Your spell library contained the following spells:

 Spells                   Type           Power      Damage    Failure   Level
 Apportation              Tloc           0%         N/A       100%        1
 Magic Dart               Conj           0%         1d3       100%        1
 Necrotise                Necr           0%         1d4       100%        1
 Summon Small Mammal      Summ           0%         N/A       100%        1
 Call Imp                 Summ           0%         N/A       100%        2
 Mephitic Cloud           Conj/Pois/Air  0%         N/A       100%        3
 Conjure Ball Lightning   Conj/Air       0%         3x3d6     100%        6
 Discord                  Hex            0%         N/A       100%        8
 Disjunction              Tloc           0%         N/A       100%        8


Dungeon Overview and Level Annotations

Branches:
Dungeon (10/15)            Temple (0/1) D:7            Lair (0/5) D:9
Ossuary (visited)
    Orc: D:9-12

Altars:
Ashenzari
Elyvilon
Fedhas
Makhleb
Qazlal
Ru
Trog
Uskayaw
Xom
Yredelemnul
Zin

Shops:
D:8 [

Annotations:
D:3 2 transporters, Sphaat's ghost, amateur MiFi
D:6 1 runed translucent door, Aspara's ghost, amateur NaTm
D:8 Erica
D:10 Josephine


Innate Abilities, Weirdness & Mutations

You have a pair of horns on your head.
You reflexively headbutt those who attack you in melee.


Message History

The wraith is engulfed in freezing vapours.
The wraith hits you but does no damage.
You sock Josephine! Your headbutt misses Josephine.
Josephine is almost dead.
The wraith is engulfed in freezing vapours.
The wraith closely misses you. Josephine draws life force from you!
Josephine is healed by the life force!
Unknown command.
You barely miss Josephine. Your headbutt misses Josephine.
Josephine is severely wounded.
You block the wraith's attack. You block Josephine's attack.
Josephine hits you but does no damage.
A wraith comes into view.
The wraith closely misses you.
You closely miss Josephine. You headbutt Josephine!
Josephine is almost dead.
The wraith hits you. The wraith drains your vigour!
You feel as though you will be slow longer.
Josephine barely misses you.
You hit Josephine.
Josephine is almost dead.
You block the wraith's attack. Josephine closely misses you.
You hit Josephine but do no damage.
Josephine is almost dead.
Josephine draws life force from you!!
Josephine is healed by the life force!
Josephine hits you but does no damage. You block the wraith's attack. x2
A wraith comes into view.
You sock Josephine! Your headbutt misses Josephine.
Josephine is severely wounded.
The wraith barely misses you.
The wraith is engulfed in freezing vapours.
The wraith completely misses you. You furiously retaliate!
You headbutt the wraith. You block Josephine's attack.
You completely miss Josephine. Your headbutt misses Josephine.
Josephine is severely wounded.
You block the wraith's attack. Josephine casts a spell at you.
The ghostly flame explodes!
The ghostly fireball engulfs you!!!
You feel drained.
You die...

...#
#.###...##......#
#.. ...# #.#
#...##......####
#.. ...###.#
#...##..........
... .......#
#...##.....#####
... .)))...#
#...##.....# ...
.).....#
#...##.<...#
..####.#
#..........# ..#
#.# #......W..>#
..# #.#
#.$.W.@@...# ..#
#.# #...##W○...#
..# .# #$..
#.....# ..# ..
#.$(..# ..#
#.....# #.....#
#..$... #......#


You could see Josephine and 3 wraiths.

Vanquished Creatures
  Maurice (D:8)
  A troll (D:10)
  A hornet (D:9)
  2 wraiths (D:10)
  A wyvern (D:8)
  A shadow (D:10)
  Grum (D:8)
  A steam dragon (D:8)
  A water moccasin (D:7)
  A black bear (D:5)
  An orc warrior (D:10)
  3 ogres (D:6)
  4 wolves (D:8)
  3 centaurs
  4 elf zombies (Ossuary)
  A kobold brigand (D:7)
  A gnoll sergeant (D:5)
  4 scorpions
  8 wights
  15 killer bees
  6 howler monkeys (D:8)
  2 centaur zombies
  4 hounds
  A gnoll bouda (D:9)
  3 jellies
  Crazy Yiuf (D:2)
  2 human zombies (Ossuary)
  2 orc priests (D:5)
  3 iguanas
  3 sleepcaps
  8 orc wizards
  A hound zombie (Ossuary)
  4 mummies
  A howler monkey zombie (D:7)
  14 gnolls
  7 adders
  A shadow imp (D:7)
  An ufetubus (D:5)
  2 adder zombies (Ossuary)
  2 worms
  4 dart slugs
  19 orcs
  2 bats
  7 endoplasms
  A giant cockroach (D:4)
  A gnoll zombie (Ossuary)
  13 goblins
  11 hobgoblins
  9 jackals
  2 quokkas (D:1)
  7 ball pythons
  9 frilled lizards
  4 goblin zombies
  6 hobgoblin zombies (Ossuary)
  4 jackal zombies (Ossuary)
  10 kobolds
  A kobold zombie (Ossuary)
  An orc zombie (D:4)
  3 quokka zombies (Ossuary)
  8 rats
  6 rat zombies (Ossuary)
251 creatures vanquished.

Notes
Turn   | Place    | Note
-------+----------+-------------------------------------------
     0 | D:1      | pollynater the Minotaur Fighter began the quest for the
                  | Orb.
     0 | D:1      | Reached XP level 1. HP: 19/19 MP: 0/0
   124 | D:1      | Reached XP level 2. HP: 27/27 MP: 1/1
   409 | D:1      | Reached XP level 3. HP: 33/33 MP: 2/2
   620 | D:2      | Reached skill level 3 in Maces & Flails
   993 | D:2      | Found a burning altar of Makhleb.
  1230 | D:2      | Reached XP level 4. HP: 36/40 MP: 3/3
  1244 | D:2      | Reached skill level 1 in Stealth
  1294 | D:2      | Found a runed translucent door.
  1295 | D:2      | Noticed Crazy Yiuf
  1349 | D:2      | Found a faded altar of an unknown god.
  1508 | D:2      | Killed Crazy Yiuf
  1509 | D:2      | Reached skill level 1 in Dodging
  1565 | D:3      | Found a transporter.
  1633 | D:3      | Found a transporter.
  1652 | D:3      | Noticed Sphaat's ghost (amateur MiFi)
  1846 | D:3      | Reached XP level 5. HP: 46/46 MP: 4/4
  1859 | D:3      | Reached skill level 4 in Maces & Flails
  2152 | D:4      | Found a sand-covered staircase.
  2164 | Ossuary  | Entered an ossuary
  2238 | Ossuary  | Reached skill level 5 in Armour
  2238 | Ossuary  | Reached XP level 6. HP: 51/53 MP: 5/5
  2253 | Ossuary  | Reached skill level 5 in Maces & Flails
  2426 | Ossuary  | Reached XP level 7. HP: 55/60 MP: 6/6
  2548 | Ossuary  | Reached skill level 6 in Maces & Flails
  2642 | D:4      | Noticed a fire elemental
  2644 | D:4      | Found a stormy altar of Qazlal.
  2646 | D:4      | Noticed a water elemental
  2646 | D:4      | Noticed an air elemental
  2661 | D:4      | Became a worshipper of Qazlal Stormbringer
  2928 | D:4      | Reached skill level 5 in Fighting
  3112 | D:5      | Entered Level 5 of the Dungeon
  3206 | D:5      | Reached skill level 7 in Maces & Flails
  3277 | D:5      | Found a white marble altar of Elyvilon.
  3453 | D:5      | Reached skill level 5 in Shields
  3465 | D:5      | Reached XP level 8. HP: 53/69 MP: 7/7
  3687 | D:5      | Reached * piety under Qazlal
  3700 | D:5      | Reached skill level 8 in Maces & Flails
  4136 | D:6      | Found a bloodstained altar of Trog.
  4621 | D:6      | Found a runed translucent door.
  4621 | D:6      | Found a shimmering altar of Xom.
  4621 | D:6      | Noticed Aspara's ghost (amateur NaTm)
  4621 | D:6      | Noticed a +1 long sword of chaos
  4728 | D:6      | You fall into a shaft and drop 1 floor!
  4728 | D:7      | Found a staircase to the Ecumenical Temple.
  4795 | D:7      | Reached skill level 9 in Maces & Flails
  4916 | D:6      | Found a broken altar of Ashenzari.
  5002 | D:6      | Reached XP level 9. HP: 58/75 MP: 8/8
  5752 | D:7      | Paralysed by a centaur for 4 turns
  5973 | D:7      | Found a basalt altar of Yredelemnul.
  6081 | D:8      | Found Neahap's Antique Armour Shop.
  6084 | D:8      | Bought a kite shield for 117 gold pieces
  6108 | D:8      | Reached ** piety under Qazlal
  6115 | D:8      | Reached skill level 10 in Maces & Flails
  6142 | D:8      | Noticed Maurice
  6143 | D:8      | Noticed Erica
  6188 | D:8      | Noticed Grum
  6208 | D:8      | Killed Grum
  6743 | D:8      | Paralysed by Maurice for 4 turns
  6758 | D:8      | Killed Maurice
  6759 | D:8      | Reached skill level 11 in Maces & Flails
  6759 | D:8      | Reached XP level 10. HP: 63/86 MP: 9/9
  6894 | D:9      | Reached skill level 5 in Dodging
  6970 | D:9      | Found a hide-covered altar of Uskayaw.
  7108 | D:9      | Found a sacrificial altar of Ru.
  7141 | D:9      | Reached skill level 1 in Throwing
  7220 | D:9      | Found a blossoming altar of Fedhas.
  7801 | D:9      | Found a staircase to the Lair.
  7862 | D:10     | Entered Level 10 of the Dungeon
  8147 | D:10     | Reached *** piety under Qazlal
  8160 | D:10     | Found a glowing silver altar of Zin.
  8307 | D:10     | Noticed Josephine
  8330 | D:10     | Killed from afar by Josephine

Illustrated notes

Levels and vault maps discovered:
D:1:      ncdulo_lavacross, layout_rooms, chequers_arboretum
D:2:      kennysheep_the_goblin_king, layout_basic, basic_altar,
          hellmonk_ecumenical_altar_leap_of_faith, grunt_decor_fettered,
          minmay_misc_feat_nine_boxes, small_statue_intersection,
          uniq_crazy_yiuf_cottage
D:3:      layout_rooms, gammafunk_ghost_stat_death, minmay_joined_circles
D:4:      layout_rooms, nicolae_qazlal_style_of_elements,
          nicolae_ossuary_entry_giza
D:5:      layout_basic, mainiacjoe_overflow_concentric_impassable,
          reono_crystal_passage, kennysheep_pointless_box
D:6:      layout_layer_cave, amcnicky_altar_gilded,
          mainiacjoe_overflow_brackets, ebering_ghost_xom, minmay_misc_feat_tiny
D:7:      layout_loops_ring, lemuel_zombie_altar_yredelemnul, temple_pool_b
D:8:      layout_cave_pools, serial_shops, nicolae_stop_n_shop_1, uniq_grum,
          uniq_erica, uniq_maurice
D:9:      layout_basic, nicolae_ru_awakened_eye, lemuel_tele_altar,
          kennysheep_little_box, lair_entry_dummy
D:10:     layout_long_grid, cheibrodos_worm_habitat,
          mainiacjoe_overflow_alcove_4, enter_bailey_7,
          minmay_misc_feat_secret_circle, uniq_josephine

Skill      XL: |  1  2  3  4  5  6  7  8  9 10 |
---------------+-------------------------------+-----
Fighting       | 4 5 6 7 |  7.4
Armour         | 4 5 6 7 8 |  8.3
Shields        | 4 5 6 7 8 |  8.8
Maces & Flails | 3 4 5 7 9 11 | 11.5
Stealth        | 1 2 3 4 |  4.0
Dodging        | 1 2 3 4 5 |  5.4
Throwing       | 1 |  1.7

Action                     |  1- 3 |  4- 6 |  7- 9 | 10-12 || total
---------------------------+-------+-------+-------+-------++-------
  Melee: Flail             |   112 |   202 |   323 |   119 ||   756
         Headbutt          |    17 |    38 |    79 |    24 ||   158
  Throw: Dart              |       |       |     1 |       ||     1
    Use: Scroll            |     5 |       |    13 |     3 ||    21
 Armour: Plate armour      |    84 |   126 |   143 |    67 ||   420
  Dodge: Dodged            |    31 |    63 |   191 |    82 ||   367
  Block: Buckler           |    21 |    38 |    74 |       ||   133
         Kite shield       |       |       |    95 |   129 ||   224

Table legend: (Time is in decaauts)
 A = Elapsed time spent in this place.
 B = Non-inter-level travel time spent in this place.
 C = Inter-level travel time spent in this place.
 D = Time resting spent in this place.
 E = Time spent auto-exploring this place.
 F = Levels seen in this place.
 G = Mean time per level.
                   A        B        C        D        E       F      G
               +--------+--------+--------+--------+--------+-----+--------+
         Total |   8422 |   8128 |    294 |    480 |   5171 |  11 |  765.6 |
       Dungeon |   7969 |   7675 |    294 |    456 |   5108 |  10 |  796.9 |
       Ossuary |    453 |    453 |      0 |     24 |     63 |   1 |  453.0 |
               +--------+--------+--------+--------+--------+-----+--------+

Top non-repeatable levels by time:
     D:6: 1324 daAuts
     D:2: 1028 daAuts
     D:5: 1020 daAuts
     D:9: 1009 daAuts
     D:7: 765 daAuts
     D:8: 635 daAuts
     D:4: 582 daAuts
     D:3: 567 daAuts
     D:1: 557 daAuts
    D:10: 477 daAuts
 Ossuary: 453 daAuts
